 Dungeon Crawl Stone Soup version 0.24.0-123-gd5b16e6ec5 (webtiles) character file.

Game seed: 3824777319926820305, levelgen mode: deterministic

1318 Sayna the Cleaver (level 8, -1/68 HPs)
             Began as a Hill Orc Fighter on Jan 22, 2020.
             Killed from afar by Dowan (5 damage)
             ... with a stone arrow
             ... on level 5 of the Dungeon.
             The game lasted 00:09:15 (4151 turns).

Sayna the Cleaver (Hill Orc Fighter)                Turns: 4151, Time: 00:09:16

Health: -1/68      AC: 12    Str: 20    XL:     8   Next: 59%
Magic:  8/8        EV:  5    Int:  8    God:
Gold:   221        SH: 10    Dex: 11    Spells: 7/7 levels left

rFire    . . .     SeeInvis .   a - +0 war axe
rCold    . . .     Gourm    .   c - +0 shield
rNeg     . . .     Faith    .   h - +0 plate armour
rPois    .         Spirit   .   (no helmet)
rElec    .         Reflect  .   (no cloak)
rCorr    .         Harm     .   (no gloves)
MR       .....                  (no boots)
Stlth    ..........             (no amulet)
HPRegen  0.21/turn              t - +1 ring of evasion
MPRegen  0.11/turn              (no ring)

@: lethally poisoned (-1 -> -10)
A: no striking features
a: no special abilities


You were on level 5 of the Dungeon.
You were not hungry.

You visited 1 branch of the dungeon, and saw 5 of its levels.

You collected 221 gold pieces.

Inventory:

Hand Weapons
 a - a +0 war axe (weapon)
Missiles
 z - 4 boomerangs of dispersal (quivered)
Armour
 c - a +0 shield (worn)
 h - a +0 plate armour (worn)
Jewellery
 p - a +2 ring of strength {unknown}
 t - a +1 ring of evasion (left hand)
Wands
 l - a wand of flame (29)
 m - a wand of random effects (22)
 u - a wand of scattershot (7)
 x - a wand of iceblast (8)
Scrolls
 b - a scroll of teleportation
 e - a scroll of blinking {unknown}
 i - 2 scrolls of remove curse {unknown}
 q - a scroll of magic mapping {unknown}
 w - a scroll of random uselessness {unknown}
 y - 2 scrolls of amnesia
Potions
 d - 2 potions of might
 g - a potion of ambrosia
 j - a potion of degeneration {unknown}
 n - a potion of cancellation {unknown}
 o - a potion of magic {unknown}
 s - 2 potions of brilliance {unknown}
 v - a potion of curing {unknown}
Comestibles
 f - 2 rations
 k - a chunk of flesh


   Skills:
 + Level 5.2 Fighting
 * Level 10.3 Axes
 + Level 5.2 Armour
 + Level 1.0 Dodging
 + Level 0.1 Stealth
 + Level 5.5 Shields


You had 7 spell levels left.
You didn't know any spells.
Your spell library contained the following spells:

 Spells                   Type           Power        Failure   Level  Hunger
 Beastly Appendage        Tmut           #.....       100%        1    ##.....
 Confusing Touch          Hex            #.....       100%        1    ##.....
 Sticks to Snakes         Tmut           #.......     100%        2    ###....
 Confuse                  Hex            #.......     100%        3    ####...
 Gell's Gravitas          Tloc           #.........   100%        3    ####...
 Spider Form              Tmut/Pois      #.........   100%        3    ####...
 Ice Form                 Ice/Tmut       #.......     100%        4    #####..
 Petrify                  Tmut/Erth      #.......     100%        4    #####..
 Blade Hands              Tmut           #.........   100%        5    ######.
 Metabolic Englaciation   Hex/Ice        #.........   100%        5    ######.
 Yara's Violent Unravell  Hex/Tmut       #.........   100%        5    ######.


Dungeon Overview and Level Annotations

Branches:
Dungeon (5/15)             Temple (0/1) D:4

Altars:
Dithmenos
Gozag
Sif Muna
Zin

Shops:
D:5 (

Annotations:
D:5 Dowan


Message History

Dowan hits you but does no damage.
You are more poisoned.
Dowan casts a spell at you. The shard of ice hits you!
* * * LOW HITPOINT WARNING * * *
Items here: ( ))) [[ ††† You miss Dowan.
Dowan is lightly wounded.
You feel sick. Dowan casts a spell at you. The shard of ice hits you!
* * * LOW HITPOINT WARNING * * *
You hit Dowan but do no damage.
Dowan is lightly wounded.
* * * LOW HITPOINT WARNING * * *
You feel sick.
Dowan says, "How can I live without her?"
Dowan casts a spell at you. The stone arrow hits you.
You die...

#...........##..
#...........###.#.# ..
............# ..# ##.#
............# ..# /...
............# ..# ..#
............# #.#...#
............# #.#...#
########....#####.....#
## #....'...@e..# .##
#....######....# ..#
#....# #.### #.# ##+###
... '.# .## ### .. .#
.#


You could see Dowan.

Vanquished Creatures
  Pikel (D:4)
  Grinder (D:5)
  Duvessa (D:5)
  A scorpion (D:5)
  5 orc wizards (D:5)
  A centaur zombie (D:5)
  A hound (D:5)
  A bullfrog skeleton (D:5)
  Ijyb (D:3)
  Natasha (thrice) (D:2)
  An iguana (D:5)
  2 worker ants (D:4)
  A hound skeleton (D:5)
  A howler monkey zombie (D:5)
  4 adders
  A gnoll (D:1)
  An ooze (D:1)
  A worm (D:2)
  A dart slug (D:1)
  A leopard gecko (D:1)
  13 orcs
  8 bats
  5 giant cockroaches
  5 goblins
  7 hobgoblins
  2 jackals (D:3)
  2 quokkas
  6 frilled lizards
  10 kobolds
  5 rats
93 creatures vanquished.

Vanquished Creatures (others)
  An ooze (D:4)
  A worm (D:4)
2 creatures vanquished.

Grand Total: 95 creatures vanquished

Notes
Turn   | Place    | Note
-------+----------+-------------------------------------------
     0 | D:1      | Sayna the Hill Orc Fighter began the quest for the Orb.
     0 | D:1      | Reached XP level 1. HP: 19/19 MP: 1/1
    58 | D:1      | Reached skill level 3 in Axes
    58 | D:1      | Reached XP level 2. HP: 27/27 MP: 2/2
   393 | D:1      | Reached XP level 3. HP: 33/33 MP: 3/3
   799 | D:2      | Noticed Natasha
   819 | D:2      | Killed Natasha
   819 | D:2      | Reached skill level 4 in Axes
   819 | D:2      | Reached XP level 4. HP: 16/40 MP: 4/4
  1095 | D:2      | Noticed Natasha
  1099 | D:2      | Killed Natasha
  1183 | D:2      | Noticed Natasha
  1188 | D:2      | Killed Natasha
  1188 | D:2      | Reached skill level 5 in Axes
  1188 | D:2      | Reached XP level 5. HP: 45/46 MP: 5/5
  1378 | D:2      | Found a glowing silver altar of Zin.
  2247 | D:3      | Noticed Ijyb
  2254 | D:3      | Killed Ijyb
  2354 | D:3      | Reached skill level 6 in Axes
  2478 | D:3      | Found an opulent altar of Gozag.
  2808 | D:4      | Found a staircase to the Ecumenical Temple.
  2824 | D:4      | Reached XP level 6. HP: 49/53 MP: 6/6
  2832 | D:4      | Noticed Pikel
  2832 | D:4      | Noticed a slave
  2846 | D:4      | Killed Pikel
  2846 | D:4      | Reached skill level 8 in Axes
  2846 | D:4      | Reached XP level 7. HP: 25/60 MP: 7/7
  3036 | D:4      | Reached skill level 5 in Shields
  3342 | D:5      | Entered Level 5 of the Dungeon
  3539 | D:5      | Noticed Grinder
  3564 | D:5      | Paralysed by Grinder for 3 turns
  3585 | D:5      | Killed Grinder
  3585 | D:5      | Reached skill level 9 in Axes
  3585 | D:5      | Reached skill level 1 in Dodging
  3585 | D:5      | Reached XP level 8. HP: 32/67 MP: 8/8
  3750 | D:5      | Found a shadowy altar of Dithmenos.
  3818 | D:5      | Reached skill level 5 in Armour
  3943 | D:5      | Reached skill level 5 in Fighting
  4011 | D:5      | Reached skill level 10 in Axes
  4016 | D:5      | Found a shimmering blue altar of Sif Muna.
  4055 | D:5      | Found Ucinivvi's Weapon Shoppe.
  4114 | D:5      | Noticed Duvessa
  4116 | D:5      | Noticed Dowan
  4136 | D:5      | Killed Duvessa
  4151 | D:5      | Killed from afar by Dowan

Levels and vault maps discovered:
D:1:      nzn_arrival_depleted_hourglass, layout_basic
D:2:      wander_river, layout_basic, zin_treasury, uniq_natasha
D:3:      layout_loops_ring, lemuel_crystal_altar, first_ration, st_stairs_1,
          uniq_ijyb
D:4:      layout_cave_pools, minmay_temple_entry_gardened_gates,
          item_on_display_a, uniq_pikel
D:5:      layout_basic, kennysheep_mini_moat, old_standard_altar, serial_shops,
          kennysheep_mini, uniq_duvessa, uniq_blork_the_orc, uniq_grinder

Skill      XL: |  1  2  3  4  5  6  7  8 |
---------------+-------------------------+-----
Axes           | 3 4 5 6 8 9 10 | 10.3
Fighting       | 4 5 |  5.2
Shields        | 4 5 |  5.5
Armour         | 4 5 |  5.2
Dodging        | 1 |  1.0
Stealth        | |  0.1

Action                   |  1- 3 |  4- 6 |  7- 9 || total
-------------------------+-------+-------+-------++-------
Melee: War axe           |    86 |   219 |   179 ||   484
  Use: Scroll            |     1 |     4 |     1 ||     6
       Potion            |       |     1 |       ||     1
  Eat: Ration            |       |     2 |     1 ||     3
       Chunk             |       |     1 |       ||     1
Armor: Scale mail        |    39 |    18 |       ||    57
       Plate armour      |       |   115 |    91 ||   206
Dodge: Dodged            |    34 |    45 |    18 ||    97
Block: Shield            |    45 |   120 |    60 ||   225
